[Event "*** Titled Tuesday Blitz"]
[Site "Chess.com"]
[Date "2021.03.09"]
[Round "8"]
[White "ajdemipopushi"]
[Black "S-Fazulyanov"]
[Result "1-0"]
[WhiteElo "2394"]
[BlackElo "2514"]
[TimeControl "180+1"]
[EndTime "11:30:27 PST"]
[Termination "ajdemipopushi won by resignation"]

1. Nf3 d5 2. g3 Nf6 3. Bg2 Bf5 4. c4 c6 5. cxd5 cxd5 6. Qb3 Qb6 7. Qxb6 axb6 8.
Nc3 Nc6 9. Nb5 Rc8 10. d3 e6 11. O-O Kd7 12. Bf4 h6 13. Rfc1 Be7 14. Ne5+ Nxe5 15.
Bxe5 Bg6 16. e4 Rhd8 17. exd5 exd5 18. Bh3+ Ng4 19. Bxg4+ f5 20. Bf3 Ke6 21. Bxg7 h5 22. Bd4 Bc5 23. a4 Be8 24. Re1+ Kd7 25. Bxc5 Rxc5 26. Re5 Bg6 27. Rxd5+ Rxd5 28. Bxd5 Kc8 29. Rc1+ Kb8 30. Bc4 f4 31. gxf4 Bf5 32. f3 Re8 33.
Kf2 Re7 34. Re1 1-0

[Event "*** Titled Tuesday Blitz"]
[Site "Chess.com"]
[Date "2021.03.09"]
[Round "8"]
[White "Vesper2018"]
[Black "Dave_ChessMate"]
[Result "1-0"]
[WhiteElo "2571"]
[BlackElo "2396"]
[TimeControl "180+1"]
[EndTime "11:30:28 PST"]
[Termination "Vesper2018 won by checkmate"]

1. e4 Nc6 2. d4 d5 3. e5 Bf5 4. f4 h5 5. Nf3 h4 6. Be3 e6 7. c3 Nh6 8. h3 Be7 9. Nbd2 Qd7 10. Bb5 a6 11. Ba4 b5 12. Bc2 Bxc2 13.
Qxc2 Nf5 14. Bf2 g5 15. Nxg5 Bxg5 16. fxg5 Na5 17. b3 Qe7 18. Nf3 Rc8 19. Qd2 Qa3 20. O-O Nc6 21. c4 bxc4 22. bxc4 dxc4 23. Rfc1 Rd8 24.
Rxc4 Nce7 25. Rxc7 Nd5 26. Rb7 Nc3 27. g6 Ne4 28.
gxf7+ Kf8 29. Qc2 Nxf2 30. Qxf2 Qc3 31. Rab1 Rh7 32. Ng5 Rg7 33. Nxe6# 1-0

[Event "*** Titled Tuesday Blitz"]
[Site "Chess.com"]
[Date "2021.03.09"]
[Round "8"]
[White "jraosam"]
[Black "Kale36"]
[Result "1-0"]
[WhiteElo "1935"]
[BlackElo "2301"]
[TimeControl "180+1"]
[EndTime "11:30:29 PST"]
[Termination "jraosam won by resignation"]

1. d4 d5 2. e3 Nc6 3. Bd3 e5 4. dxe5 Nxe5 5. Nf3 Nxd3+ 6. cxd3 Bd6 7. d4 Nf6 8. Nc3 Bg4 9. h3 Bh5 10. Qb3 Bxf3 11.
gxf3 Rb8 12. e4 dxe4 13. fxe4 Be7 14. e5 Nd7 15. Rg1 O-O 16. Bh6 g6 17. Bxf8 Nxf8 18.
O-O-O c6 19. f4 b5 20. f5 b4 21. Ne4 Qd5 22. Qxd5 cxd5 23. fxg6 dxe4 24. gxf7+ Kxf7 25. d5 Bc5 26. Rdf1+ Ke8 27. Rg7 b3 28. d6 bxa2 29.
Re7+ 1-0

[Event "*** Titled Tuesday Blitz"]
[Site "Chess.com"]
[Date "2021.03.09"]
[Round "8"]
[White "esapunov"]
[Black "WPWPWP-2015"]
[Result "1-0"]
[WhiteElo "2731"]
[BlackElo "2508"]
[TimeControl "180+1"]
[EndTime "11:30:31 PST"]
[Termination "esapunov won on time"]

1. c4 Nf6 2. Nf3 Nc6 3. Nc3 e5 4. e3 Bb4 5. Qc2 O-O 6. Nd5 Bc5 7. a3 a5 8. b3 d6 9. Bd3 h6 10. Nxf6+ Qxf6 11. Bb2 Bg4 12. Be4 Qe7 13. h3 Be6 14. O-O Nd8 15. d4 exd4 16. exd4 Bb6 17. d5 Bc8 18. Rfe1 Qd7 19. Nh4 f5 20. Bd3 Qf7 21. Qc3 c6 22. Re2 cxd5 23. cxd5 Bd7 24. Nxf5 Bxf5 25. Bxf5 Kh8 26. Rae1 Rg8 27. g4 1-0

[Event "*** Titled Tuesday Blitz"]
[Site "Chess.com"]
[Date "2021.03.09"]
[Round "8"]
[White "ARTHURMOTIVATOR"]
[Black "m_ezat"]
[Result "0-1"]
[WhiteElo "2353"]
[BlackElo "2541"]
[TimeControl "180+1"]
[EndTime "11:30:31 PST"]
[Termination "m_ezat won by resignation"]

1. e4 c6 2. d4 d5 3. exd5 cxd5 4. Bd3 Nc6 5. c3 Qc7 6. h3 g6 7. Nf3 Nh6 8. O-O Bf5 9. Re1 Bxd3 10. Qxd3 Nf5 11.
Na3 Bg7 12. Nc2 O-O 13. Ne3 Nxe3 14. Bxe3 Rfe8 15. Qd2 a5 16. Bh6 a4 17. Qg5 e6 18.
Bxg7 Kxg7 19. h4 a3 20. b3 h6 21. Qg4 h5 22. Qg5 Ne7 23. Rac1 b5 24. Qd2 Nf5 25.
g3 Rec8 26. Ne5 Qb6 27. Qg5 Qd8 28. Qf4 Rc7 29. g4 Qxh4 30. Nxg6 Qxg4+ 31. Qxg4 hxg4 32. Ne5 Rac8 33. Nxg4 Rxc3 34. Rxc3 Rxc3 35. Re2 Nxd4 0-1

[Event "*** Titled Tuesday Blitz"]
[Site "Chess.com"]
[Date "2021.03.09"]
[Round "8"]
[White "dozer80"]
[Black "Sam_ChessMood"]
[Result "1-0"]
[WhiteElo "2627"]
[BlackElo "2869"]
[TimeControl "180+1"]
[EndTime "11:30:32 PST"]
[Termination "dozer80 won by resignation"]

1. e4 e5 2. Nc3 Nf6 3. g3 Bc5 4.
Bg2 d6 5. h3 Nc6 6. d3 a6 7.
Nge2 h6 8. O-O Be6 9. Kh2 g5 10. Nd5 Rg8 11. c3 Ba7 12. b4 h5 13. Be3 Bxd5 14.
exd5 Ne7 15. c4 Nf5 16. Bxa7 Rxa7 17. d4 Qe7 18. dxe5 dxe5 19. Re1 Kf8 20. Qc2 Nh6 21. c5 Ra8 22. Rad1 Rd8 23. Nd4 Rg6 24. Ne6+ Kg8 25. Nxd8 Qxd8 26. d6 c6 27. Kg1 Kg7 28. Rxe5 1-0

[Event "*** Titled Tuesday Blitz"]
[Site "Chess.com"]
[Date "2021.03.09"]
[Round "8"]
[White "Trankuilizer"]
[Black "vinniethepooh"]
[Result "1-0"]
[WhiteElo "2601"]
[BlackElo "2706"]
[TimeControl "180+1"]
[EndTime "11:30:32 PST"]
[Termination "Trankuilizer won on time"]

1. e4 c5 2. c3 d5 3. exd5 Qxd5 4. d4 Nf6 5. Nf3 e6 6. Be3 Nc6 7. Bd3 cxd4 8. cxd4 Be7 9. Nc3 Qd6 10. a3 O-O 11. O-O b6 12. Qe2 Bb7 13. Rad1 Rfd8 14. Rfe1 Rac8 15.
Bb1 Nd5 16. Ne4 Qb8 17. Neg5 g6 18. h4 Na5 19. Nxf7 Kxf7 20. Ne5+ Kg7 21. Bxg6 Nf6 22. Bxh7 Nc6 23. Bb1 Rg8 24. Bg5 Rc7 25. Ng6 Bd8 26. Qxe6 Bc8 27. Qe3 Bf5 28. Bxf5 Nd5 29. Bh6+ 1-0

[Event "*** Titled Tuesday Blitz"]
[Site "Chess.com"]
[Date "2021.03.09"]
[Round "8"]
[White "AsaHoffmann"]
[Black "Artem_Sadovsky"]
[Result "1-0"]
[WhiteElo "2430"]
[BlackElo "2566"]
[TimeControl "180+1"]
[EndTime "11:30:34 PST"]
[Termination "AsaHoffmann won on time"]

1. d4 g6 2. e4 Bg7 3. Be3 d6 4. Qd2 e5 5. Nc3 Nc6 6. Nge2 f5 7. f3 Nf6 8. d5 Ne7 9. h3 O-O 10. g4 fxe4 11. fxe4 b5 12. a3 a5 13. Ng3 Ba6 14. Nxb5 c6 15. dxc6 d5 16. Bc5 Nxc6 17. Bxf8 Bxf8 18.
exd5 Bxb5 19. Bxb5 Nd4 20. Be2 Qxd5 21. Rd1 Ne4 22.
Nxe4 Qxe4 23. Rf1 Bc5 24. Qd3 Nxc2+ 25. Kd2 Qa4 26. Qxc2 Rd8+ 27. Kc1 Be3+ 28. Kb1 1-0

[Event "*** Titled Tuesday Blitz"]
[Site "Chess.com"]
[Date "2021.03.09"]
[Round "8"]
[White "suyu28"]
[Black "MuhittinBuker"]
[Result "0-1"]
[WhiteElo "2580"]
[BlackElo "2177"]
[TimeControl "180+1"]
[EndTime "11:30:34 PST"]
[Termination "MuhittinBuker won on time"]

1. d4 Nf6 2. Bf4 e6 3. Nf3 d5 4. e3 Bd6 5. Bg3 O-O 6. Bd3 c5 7. c3 Nc6 8. Nbd2 b6 9. O-O Bb7 10. Ne5 Ne7 11. Ndf3 Nf5 12. Bf4 Be7 13. Qe2 Nd6 14.
Rad1 Nfe4 15. Rfe1 f6 16. Ng4 h5 17. Nh6+ gxh6 18.
Bxh6 Rf7 19. Nh4 Rh7 20. Qxh5 Qe8 21. Qg4+ Kh8 22. Ng6+ Qxg6 23. Qxg6 Rg8 24. Qh5 Nf5 25. Bxe4 dxe4 26. dxc5 Rxh6 27. Qe2 Nh4 28. Kh1 Bxc5 29. Rd7 Bc8 30. Rc7 e5 31. Rd1 Bg4 32. Qe1 Nxg2 33.
Qf1 Bf3 0-1

[Event "*** Titled Tuesday Blitz"]
[Site "Chess.com"]
[Date "2021.03.09"]
[Round "8"]
[White "jaskol95"]
[Black "grandcoach"]
[Result "1-0"]
[WhiteElo "2433"]
[BlackElo "2255"]
[TimeControl "180+1"]
[EndTime "11:30:35 PST"]
[Termination "jaskol95 won by resignation"]

1. d4 Nf6 2. Bf4 c5 3. d5 Qb6 4. Nc3 Qxb2 5. Bd2 Na6 6. Rb1 Qa3 7. e4 d6 8. Bb5+ Bd7 9. Nf3 c4 10. Bxd7+ Nxd7 11. Rxb7 Nac5 12. Rb1 Rc8 13. O-O g6 14. Nb5 Qa6 15. Bc3 Rg8 16. Re1 Bg7 17. e5 dxe5 18. d6 e4 19. Bxg7 Rxg7 20. Nc7+ Rxc7 21. dxc7 Qc8 22.
Qd4 e5 23. Nxe5 f5 24. Nxd7 Nxd7 25. Qxg7 1-0

[Event "*** Titled Tuesday Blitz"]
[Site "Chess.com"]
[Date "2021.03.09"]
[Round "8"]
[White "eguindy"]
[Black "PushingpawnsNYC"]
[Result "1-0"]
[WhiteElo "2452"]
[BlackElo "2296"]
[TimeControl "180+1"]
[EndTime "11:30:36 PST"]
[Termination "eguindy won by resignation"]

1. e3 Nf6 2. Nf3 g6 3. b3 Bg7 4.
Bb2 O-O 5. g3 d6 6. Bg2 c6 7. d3 Bg4 8. Nbd2 Qd7 9. h3 Bxf3 10.
Nxf3 e5 11. O-O Qe7 12. c4 Nbd7 13. e4 Nh5 14. d4 Rad8 15. Re1 Bh6 16. Qc2 Ng7 17.
Rad1 f6 18. h4 Ne6 19. d5 cxd5 20. exd5 Ng7 21. b4 f5 22. c5 e4 23. Nd4 Ne5 24. c6 b6 25. b5 Rf6 26. Qb3 g5 27. hxg5 Bxg5 28. f4 exf3 29. Nxf3 Rg6 30. Nxe5 dxe5 31.
d6+ Qf7 32. Bd5 Ne6 33. Rxe5 Rxd6 34. Rde1 f4 35. Rxe6 Rxd5 36. Qxd5 Kf8 37. Re8+ Qxe8 38. Rxe8+ Kxe8 39. c7 1-0

[Event "*** Titled Tuesday Blitz"]
[Site "Chess.com"]
[Date "2021.03.09"]
[Round "8"]
[White "Brave_spirit12"]
[Black "RobertoJBM"]
[Result "0-1"]
[WhiteElo "2581"]
[BlackElo "2725"]
[TimeControl "180+1"]
[EndTime "11:30:39 PST"]
[Termination "RobertoJBM won by resignation"]

1. e4 c6 2. Nc3 d5 3. Nf3 dxe4 4. Nxe4 Bg4 5. h3 Bxf3 6. Qxf3 Nd7 7. Bc4 Ne5 8. Qb3 Nxc4 9. Qxc4 Qd5 10. Qe2 e6 11. O-O Be7 12. c4 Qd7 13. b3 Nf6 14. Bb2 Nxe4 15. Qxe4 Bf6 16. Bxf6 gxf6 17. d4 O-O-O 18. Rad1 f5 19. Qe5 Rhg8 20. Rfe1 Qc7 21. Qe2 Kb8 22. a4 Rg5 23. Rd3 Rdg8 24. g3 f4 25. g4 h5 26.
f3 hxg4 27. hxg4 a6 28. Kf2 f5 29. Rg1 fxg4 30. Rxg4 Rxg4 31. fxg4 Qh7 32. Qe5+ Ka8 33. Rf3 Qh2+ 34. Ke1 Rxg4 35. Qf6 Rg1+ 36. Rf1 Qg3+ 37. Kd2 Qe3+ 38. Kc2 Rg2+ 39. Rf2 Rxf2+ 40. Kd1 0-1

[Event "*** Titled Tuesday Blitz"]
[Site "Chess.com"]
[Date "2021.03.09"]
[Round "8"]
[White "Alex-11211"]
[Black "azikom"]
[Result "0-1"]
[WhiteElo "2425"]
[BlackElo "2644"]
[TimeControl "180+1"]
[EndTime "11:30:39 PST"]
[Termination "azikom won by checkmate"]

1. e4 c5 2. Nf3 d6 3. Bb5+ Nd7 4. O-O a6 5. Bd3 b5 6. c4 bxc4 7. Bxc4 e6 8. Nc3 Ngf6 9. d4 cxd4 10. Nxd4 Nc5 11.
Re1 Be7 12. b4 Ncd7 13. Bxe6 fxe6 14. Nxe6 Qb6 15. Nxg7+ Kf7 16. Nf5 Ne5 17. Bg5 Bxf5 18. exf5 Qb7 19. Qb3+ Kg7 20. h3 Rae8 21. f4 Nf7 22.
Re6 Bd8 23. Rae1 Rxe6 24. fxe6 Nxg5 25. fxg5 Qb6+ 26. Kh2 Ne8 27. Nd5 Qd4 28. e7 Bb6 29. Qf3 Qf2 30. Qe4 Bd4 31. Kh1 Be5 32. Re2 Qf1# 0-1

[Event "*** Titled Tuesday Blitz"]
[Site "Chess.com"]
[Date "2021.03.09"]
[Round "8"]
[White "pavelalexandru07"]
[Black "witcher8"]
[Result "0-1"]
[WhiteElo "2302"]
[BlackElo "2451"]
[TimeControl "180+1"]
[EndTime "11:30:39 PST"]
[Termination "witcher8 won on time"]

1. e4 c6 2. d4 d5 3. Nc3 dxe4 4. Nxe4 Bf5 5. Ng3 Bg6 6. Nf3 Nd7 7. h4 h6 8. Bd3 Bxd3 9. Qxd3 e6 10. h5 Ngf6 11.
Bd2 Be7 12. O-O-O O-O 13. Kb1 Qb6 14. c4 Rfd8 15. Bc3 c5 16. Qe2 cxd4 17. Nxd4 Bb4 18. Bxb4 Qxb4 19. Rhe1 Rac8 20. b3 a5 21. Nb5 a4 22.
Qb2 axb3 23. axb3 Nc5 24. Kc2 Rxd1 25. Rxd1 Nce4 26. Nxe4 Nxe4 27. Qe5 Nxf2 28. Ra1 Rd8 29.
Qf4 Nd3 30. Qe3 Nc5 31. Ra7 Nxb3 0-1

[Event "*** Titled Tuesday Blitz"]
[Site "Chess.com"]
[Date "2021.03.09"]
[Round "8"]
[White "FairChess_on_YouTube"]
[Black "eljanov"]
[Result "1-0"]
[WhiteElo "2976"]
[BlackElo "2848"]
[TimeControl "180+1"]
[EndTime "11:30:40 PST"]
[Termination "FairChess_on_YouTube won by resignation"]

1. b4 e5 2. Bb2 d6 3. g3 g6 4. d4 Bg7 5. dxe5 Nc6 6. Bg2 Nxe5 7. Qc1 Nf6 8. Nf3 Nc4 9. Bc3 O-O 10. Nbd2 Nxd2 11. Nxd2 Re8 12. Qb2 d5 13. e3 c6 14.
O-O Nh5 15. b5 Bxc3 16. Qxc3 cxb5 17. Qc5 a6 18. a4 bxa4 19. Rxa4 Nf6 20. Rb1 Bd7 21.
Rf4 Bc6 22. Nb3 Ne4 23. Qd4 Qe7 24. Qa1 Bb5 25. Nd4 Bc4 26. h4 b5 27. h5 Qe5 28.
hxg6 hxg6 29. Bxe4 dxe4 30. Kg2 a5 31. Rh1 Kg7 32. Rfh4 a4 33. Rh7+ Kf6 34. R1h4 Ra6 35.
Rf4+ Ke7 36. Nc6+ 1-0

[Event "*** Titled Tuesday Blitz"]
[Site "Chess.com"]
[Date "2021.03.09"]
[Round "8"]
[White "Zhigalko_Sergei"]
[Black "SaraciNderim"]
[Result "1-0"]
[WhiteElo "2942"]
[BlackElo "2794"]
[TimeControl "180+1"]
[EndTime "11:30:40 PST"]
[Termination "Zhigalko_Sergei won by checkmate"]

1. e4 e5 2. Nf3 Nc6 3. Bc4 Bc5 4. b4 Bxb4 5. c3 Ba5 6. d4 Qe7 7. O-O Bb6 8. Nbd2 d6 9. a4 a6 10. a5 Nxa5 11. dxe5 Nxc4 12. Nxc4 dxe5 13. Nxb6 cxb6 14.
Ba3 Qe6 15. Ng5 Qg6 16. f4 exf4 17. Qd5 Ne7 18. Bxe7 Kxe7 19. Rad1 Qc6 20. Qxf7# 1-0

[Event "*** Titled Tuesday Blitz"]
[Site "Chess.com"]
[Date "2021.03.09"]
[Round "8"]
[White "mary-sanna"]
[Black "Romadk"]
[Result "1/2-1/2"]
[WhiteElo "2064"]
[BlackElo "2318"]
[TimeControl "180+1"]
[EndTime "11:30:42 PST"]
[Termination "Game drawn by repetition"]

1. d4 Nf6 2. Bf4 c5 3. d5 b5 4. c4 bxc4 5. Nc3 Qb6 6. Qd2 e6 7. e4 Ba6 8. Nf3 g6 9. Ne5 Bg7 10. Nxc4 Bxc4 11. Bxc4 O-O 12. O-O Nh5 13. Be3 Na6 14.
Bxa6 Qxa6 15. Bxc5 Rfc8 16. Bd4 e5 17. Be3 Rab8 18.
a3 Rb3 19. Rfc1 Rcb8 20. Nd1 Rd3 21. Qe1 f5 22. f3 fxe4 23. fxe4 Qa4 24. Rc3 Qxe4 25.
Nf2 Qxe3 26. Qxe3 Rxe3 27. Rxe3 Rxb2 28. Nd3 Rb3 29. Rae1 d6 30. Nb4 Rb2 31. R1e2 Rb1+ 32. Re1 Rb2 33. R3e2 Rb3 34. Re3 Rb2 1/2-1/2

[Event "*** Titled Tuesday Blitz"]
[Site "Chess.com"]
[Date "2021.03.09"]
[Round "8"]
[White "bazar-wokzal"]
[Black "The_filthy"]
[Result "0-1"]
[WhiteElo "2452"]
[BlackElo "2334"]
[TimeControl "180+1"]
[EndTime "11:30:44 PST"]
[Termination "The_filthy won by resignation"]

1. g4 d5 2. Bg2 c6 3. h3 e5 4. d4 e4 5. c4 f5 6. Nc3 Nf6 7. Qb3 Qb6 8. Bg5 Qxd4 9. Bxf6 Qxf6 10. cxd5 Bc5 11. gxf5 Bxf5 12. Bxe4 Bxf2+ 13. Kxf2 Bxe4+ 14. Nf3 Bxf3 15. exf3 O-O 16. dxc6+ Kh8 17. Ne4 Qh4+ 18.
Kg2 Nxc6 19. Rad1 Rae8 20. Rhe1 Ne5 21. Ng3 Ng6 22. Rxe8 Nf4+ 23. Kf2 Nxh3+ 24. Kf1 Rxe8 25.
Qe6 Rxe6 26. Rd8+ Qxd8 0-1

[Event "*** Titled Tuesday Blitz"]
[Site "Chess.com"]
[Date "2021.03.09"]
[Round "8"]
[White "Pelopidass"]
[Black "davigator"]
[Result "1/2-1/2"]
[WhiteElo "2561"]
[BlackElo "2414"]
[TimeControl "180+1"]
[EndTime "11:30:46 PST"]
[Termination "Game drawn - insufficient material"]

1. e4 c5 2. Nf3 Nc6 3. d4 cxd4 4. Nxd4 Nf6 5. Nc3 d6 6. Bg5 a6 7. Qd2 e6 8. O-O-O Bd7 9. f4 h6 10. Bxf6 gxf6 11. f5 h5 12. Kb1 Ne5 13. Nb3 b5 14.
Ne2 a5 15. Nf4 Nc4 16. Bxc4 bxc4 17. fxe6 fxe6 18. Nd4 e5 19. Nde6 Qc8 20. Nxf8 exf4 21. Nxd7 Qxd7 22. Qxd6 Qxd6 23. Rxd6 Ke7 24. Rhd1 Ra7 25.
Rc6 Rg8 26. Rxc4 Rxg2 27. b3 Rxh2 28. Rf1 a4 29. Rxa4 Rxa4 30. bxa4 h4 31. Rxf4 h3 32. Rh4 Re2 33. Rxh3 Rxe4 34. Ra3 Kd7 35. a5 Kc8 36. a6 Kb8 37. Rf3 Re6 38. Ra3 Ka7 39. Kc1 f5 40.
Kd2 f4 41. c4 Re4 42. c5 Rc4 43. Rc3 Ra4 44. a3 Rxa6 45. c6 Kb8 46. Ke2 Kc7 47.
Kf3 Rxc6 48. Rxc6+ Kxc6 49. Kxf4 Kb5 50. Ke5 Ka4 51. Ke6 Kxa3 1/2-1/2

[Event "*** Titled Tuesday Blitz"]
[Site "Chess.com"]
[Date "2021.03.09"]
[Round "8"]
[White "Moon_stone123"]
[Black "Nemsko"]
[Result "1-0"]
[WhiteElo "2503"]
[BlackElo "2298"]
[TimeControl "180+1"]
[EndTime "11:30:47 PST"]
[Termination "Moon_stone123 won by resignation"]

1. e4 c5 2. Nf3 d6 3. d4 cxd4 4. Nxd4 Nf6 5. Nc3 Nc6 6. Bg5 e6 7. Qd3 a6 8. O-O-O Bd7 9. Kb1 b5 10. a3 Qb6 11. Bxf6 gxf6 12. Nxc6 Bxc6 13. Ne2 a5 14. Nd4 Bd7 15. Nxb5 Rb8 16. a4 Qxf2 17.
Nxd6+ Bxd6 18. Qxd6 Qa7 19. Be2 Bxa4 20. Bh5 Bd7 21.
Rhf1 Qb7 22. Qd4 e5 23. Qc3 Qb4 24. Qxb4 Rxb4 25. Rxf6 Be6 26. Rxe6+ Kf8 27. Rd8+ Kg7 28. Rxh8 fxe6 29. Ra8 Rxe4 30. Bf3 Re1+ 31. Ka2 e4 32.
Bg4 e3 33. Rxa5 Rg1 34. Bf3 e2 35. Bxe2 Rxg2 36. Bd3 Rxh2 37. b4 h5 38. b5 h4 39.
b6 1-0

[Event "*** Titled Tuesday Blitz"]
[Site "Chess.com"]
[Date "2021.03.09"]
[Round "8"]
[White "sbouchet"]
[Black "ecwinslow"]
[Result "1-0"]
[WhiteElo "2321"]
[BlackElo "2208"]
[TimeControl "180+1"]
[EndTime "11:30:47 PST"]
[Termination "sbouchet won by resignation"]

1. e4 c5 2. c3 Nf6 3. e5 Nd5 4. d4 cxd4 5. Nf3 d6 6. Bc4 dxe5 7. Nxe5 e6 8. O-O Nc6 9. Nxc6 bxc6 10. Qxd4 c5 11.
Qg4 h5 12. Qf3 Bb7 13. Bb5+ Ke7 14. c4 Qb6 15. cxd5 Qxb5 16. Nc3 Qb6 17. Re1 Re8 18.
Na4 Qd6 19. Nxc5 Bxd5 20. Qa3 Kd8 21. Be3 Qc7 22. Rac1 Qb8 23. Red1 Bd6 24. Qa5+ Ke7 25. Na6 Qb7 26. Nc7 Bxg2 27. Nxe8 Rxe8 28. Qg5+ Kf8 29. Qxg2 Qxb2 30. Rxd6 Qxa2 31. Rdc6 1-0

[Event "*** Titled Tuesday Blitz"]
[Site "Chess.com"]
[Date "2021.03.09"]
[Round "8"]
[White "david_alex"]
[Black "politeplayer"]
[Result "0-1"]
[WhiteElo "2084"]
[BlackElo "2277"]
[TimeControl "180+1"]
[EndTime "11:30:47 PST"]
[Termination "politeplayer won by resignation"]

1. e4 e6 2. d4 d5 3. Nd2 dxe4 4. Nxe4 Nd7 5. Bd3 Ngf6 6. Nf3 c5 7. Ng3 b6 8. O-O Bb7 9. c3 Bd6 10.
Re1 O-O 11. Ne5 cxd4 12. cxd4 Qc7 13. Qe2 Rad8 14. Bd2 Nxe5 15. dxe5 Bxe5 16. Qxe5 Qxe5 17. Rxe5 Rxd3 18. Bg5 Rfd8 19. Bxf6 Rd1+ 20. Re1 Rxa1 21. Rxa1 gxf6 22. Nf1 Ba6 23. f3 Bxf1 24. Kxf1 Rd2 25. b3 f5 26. a4 Rb2 27. Ra3 a5 28. g3 Kg7 29. Ke1 Rxh2 30. b4 axb4 31. Rb3 Rg2 32.
Rxb4 Rxg3 33. Kf2 Rh3 34. Rxb6 Rh2+ 35. Kg3 Ra2 36. Ra6 Kf6 37. Ra8 Ke5 38. a5 f4+ 39. Kg4 Rg2+ 40. Kh4 Kd4 41. a6 Ke3 42. a7 Ra2 43. Kg4 f5+ 44. Kh3 Kxf3 45. Kh4 e5 46. Kh3 h6 0-1

[Event "*** Titled Tuesday Blitz"]
[Site "Chess.com"]
[Date "2021.03.09"]
[Round "8"]
[White "Savagelittlemole"]
[Black "Fraler15"]
[Result "1-0"]
[WhiteElo "2530"]
[BlackElo "2301"]
[TimeControl "180+1"]
[EndTime "11:30:48 PST"]
[Termination "Savagelittlemole won on time"]

1. e4 c5 2. Ne2 Nc6 3. g3 g6 4.
Bg2 Bg7 5. O-O e6 6. c3 Nge7 7. d4 cxd4 8. cxd4 d5 9. e5 O-O 10. Nbc3 Rb8 11. Be3 Nf5 12. Qd2 b5 13. Rac1 b4 14. Nxd5 Ncxd4 15. Nxd4 exd5 16. Nc6 Qc7 17. Nxb8 Qxb8 18. Bxd5 Ba6 19. Rfd1 Bxe5 20. Be4 Nxe3 21. Qxe3 Re8 22. Bc6 Rc8 23. Bd5 Bxb2 24. Qf3 Rf8 25. Rc2 Bg7 26. Rdc1 Bb5 27. Rc7 Be8 28. Rc8 Qb5 29. R1c5 Qa4 30. R5c7 Be5 31. Re7 Bd6 32. Rexe8 1-0

[Event "*** Titled Tuesday Blitz"]
[Site "Chess.com"]
[Date "2021.03.09"]
[Round "8"]
[White "TigrVShlyape"]
[Black "SilviusTiberius"]
[Result "1/2-1/2"]
[WhiteElo "2831"]
[BlackElo "2527"]
[TimeControl "180+1"]
[EndTime "11:30:49 PST"]
[Termination "Game drawn by repetition"]

1. e4 e5 2. Nf3 Nc6 3. Bb5 Nf6 4. O-O Nxe4 5. d4 Nd6 6. Bxc6 dxc6 7. dxe5 Nf5 8. Qxd8+ Kxd8 9. Rd1+ Ke8 10. Nc3 h5 11.
Bf4 Be7 12. Ne4 Be6 13. b3 a5 14. c4 a4 15. Nfg5 Rh6 16. Nxe6 Rxe6 17. f3 axb3 18. axb3 Rxa1 19. Rxa1 Nd4 20. Kf2 Nxb3 21. Ra8+ Kd7 22. Rb8 Nc5 23. Nxc5+ Bxc5+ 24. Ke2 b6 25. Kd3 Re8 26.
Rxe8 Kxe8 27. h3 Kd7 28. g4 hxg4 29. hxg4 Ke6 30. Bg3 b5 31. f4 g6 32. Ke4 Ba3 33. f5+ gxf5+ 34. gxf5+ Kd7 35. Kd3 Bb2 36. Kc2 Ba1 37. Kb3 Kc8 38. Kb4 bxc4 39. Kxc4 Kd7 40. Bf4 Bb2 41. Kd3 Ba1 42. Ke4 Bb2 43. Be3 Ba3 44.
Kd3 Bf8 45. Kc4 Bg7 46. Bd4 Bh6 47. Bc5 Bg7 48. Kd4 Bh6 49. Ke4 Bc1 50. Kf3 Bb2 51. Kf4 Ba1 52. Ke4 Bb2 53. Bb4 Bc1 54. Bc5 Bd2 55. Kf3 Bc3 56. Kf4 Bd2+ 57. Ke4 Bc1 58. Kd4 Bb2+ 59. Ke4 Bc1 1/2-1/2

[Event "*** Titled Tuesday Blitz"]
[Site "Chess.com"]
[Date "2021.03.09"]
[Round "8"]
[White "Andrakhanova"]
[Black "LEGENYA1998"]
[Result "0-1"]
[WhiteElo "2261"]
[BlackElo "2259"]
[TimeControl "180+1"]
[EndTime "11:30:49 PST"]
[Termination "LEGENYA1998 won by resignation"]

1. c4 g6 2. Nc3 Bg7 3. g3 c5 4. Bg2 d6 5. e3 e6 6. Nge2 Ne7 7.
d4 cxd4 8. Nxd4 O-O 9. O-O Nbc6 10. Ndb5 Nf5 11. g4 Nh4 12. Nxd6 Nxg2 13. Kxg2 Qa5 14. Ncb5 a6 15. Nd4 Nxd4 16. exd4 e5 17. d5 Qc5 18. Nxc8 Raxc8 19. b3 e4 20. Be3 Qd6 21.
Rc1 f5 22. c5 Qe5 23. f4 exf3+ 24. Rxf3 fxg4 25. Rxf8+ Rxf8 26. Qd2 Qe4+ 27. Kg1 Rf3 28. Re1 g3 29. Qg2 gxh2+ 30. Kh1 Qxd5 31. Bg5 h6 32.
Be7 Kh7 33. Bd6 Qf5 34. Kxh2 Rf2 0-1

[Event "*** Titled Tuesday Blitz"]
[Site "Chess.com"]
[Date "2021.03.09"]
[Round "8"]
[White "anon102030"]
[Black "IANOV0007"]
[Result "1/2-1/2"]
[WhiteElo "2676"]
[BlackElo "2493"]
[TimeControl "180+1"]
[EndTime "11:30:50 PST"]
[Termination "Game drawn by repetition"]

1. e4 d6 2. Nc3 Nf6 3. g3 e5 4. Bg2 Be7 5. d3 O-O 6. f4 Nc6 7. Nf3 Bg4 8. O-O Nd4 9. Be3 c5 10. Qd2 Nxf3+ 11. Bxf3 Bxf3 12. Rxf3 a6 13. h3 b5 14. g4 b4 15. Ne2 Nd7 16. Raf1 a5 17. Ng3 exf4 18. Bxf4 Ne5 19. Bxe5 dxe5 20. b3 Bg5 21. Qf2 Qd4 22. Kg2 Qxf2+ 23. R1xf2 g6 24. Ne2 a4 25. Kg3 axb3 26. axb3 Ra2 27. Ng1 Bf4+ 28.
Kg2 Kg7 29. h4 h6 30. Nh3 g5 31. Re2 Rfa8 32. Rff2 Rb2 33. Nxf4 gxf4 34. Kf3 Ra1 35. Rh2 Rg1 36. Reg2 Rf1+ 37. Ke2 Rc1 38. Kf3 Re1 39. Re2 Rf1+ 40. Rhf2 Rg1 41. Rg2 Rh1 42. Rh2 Rf1+ 43. Rhf2 Rg1 44. Rg2 Rf1+ 45. Rgf2 1/2-1/2

[Event "*** Titled Tuesday Blitz"]
[Site "Chess.com"]
[Date "2021.03.09"]
[Round "8"]
[White "ErikRonka"]
[Black "KruHor"]
[Result "1-0"]
[WhiteElo "2411"]
[BlackElo "2524"]
[TimeControl "180+1"]
[EndTime "11:30:50 PST"]
[Termination "ErikRonka won by checkmate"]

1. d4 Nf6 2. c4 e6 3. Nc3 Bb4 4.
a3 Bxc3+ 5. bxc3 c6 6. e3 Qa5 7. Bd2 Ne4 8. Bd3 Nxd2 9. Qxd2 b6 10. f4 Ba6 11. Nf3 c5 12. O-O Qa4 13. Qe2 Nc6 14.
Ne5 Rc8 15. f5 cxd4 16. Nxf7 Kxf7 17. fxe6+ Kxe6 18. Qg4+ Kd6 19. Qf4+ Ne5 20. exd4 Qa5 21. c5+ Rxc5 22. Bxa6 Rxc3 23. dxe5+ Kc6 24. Be2 Qc5+ 25.
Kh1 Qe3 26. Bf3+ Kc5 27. Qb4# 1-0

[Event "*** Titled Tuesday Blitz"]
[Site "Chess.com"]
[Date "2021.03.09"]
[Round "8"]
[White "Witik"]
[Black "Tekushka"]
[Result "1-0"]
[WhiteElo "2614"]
[BlackElo "2452"]
[TimeControl "180+1"]
[EndTime "11:30:51 PST"]
[Termination "Witik won by checkmate"]

1. d4 Nf6 2. Bf4 c5 3. e3 Qb6 4. Nc3 cxd4 5. exd4 a6 6. Bc4 Qxb2 7. Nge2 Qb4 8. Bb3 d5 9. O-O e6 10. Qd3 Be7 11. Ng3 O-O 12. Nce2 Bd7 13. c3 Qa5 14.
a4 Nc6 15. Bc2 g6 16. Rab1 Bc8 17. h4 Qd8 18. h5 Na5 19. Bh6 Re8 20. Nf4 Bf8 21.
Bg5 Bg7 22. hxg6 hxg6 23. Nxg6 fxg6 24. Qxg6 Bd7 25. Nh5 Rf8 26. Qxg7# 1-0

[Event "*** Titled Tuesday Blitz"]
[Site "Chess.com"]
[Date "2021.03.09"]
[Round "8"]
[White "KacperPolOK"]
[Black "katchesskat"]
[Result "1-0"]
[WhiteElo "2511"]
[BlackElo "2320"]
[TimeControl "180+1"]
[EndTime "11:30:52 PST"]
[Termination "KacperPolOK won by checkmate"]

1. e4 c5 2. Nc3 e6 3. g3 a6 4. Bg2 Qc7 5. d3 Be7 6. Nf3 h5 7. h4 Nf6 8. Bg5 d6 9. Qd2 Nbd7 10.
O-O-O b5 11. d4 b4 12. Na4 Nxe4 13. Qe2 Nxg5 14. Nxg5 Bb7 15. Bxb7 Qxb7 16. dxc5 dxc5 17. Nxe6 fxe6 18. Qxe6 Rf8 19. Rhe1 Rf7 20. Qg6 Kf8 21. Qxh5 Nf6 22. Qh8+ Ng8 23. f4 Qc6 24. b3 c4 25. Qh7 cxb3 26. axb3 Rc8 27. Qd3 Rf6 28. Nb2 Rd6 29. Qf5+ Nf6 30. Nc4 Rxd1+ 31. Rxd1 Rc7 32. Ne5 Qc3 33. Kb1 Qxg3 34. Qe6 Bc5 35. Rd8+ Ne8 36. Rxe8# 1-0